 Dungeon Crawl Stone Soup version 0.32-a0-928-g1cae6b7ea0 (webtiles) character file.

Game seed: 872060228677507791

14 Sabo the Charlatan (level 2, -1/21 HPs)
             Began as a Demonspawn Artificer on Apr 12, 2024.
             Slain by a jackal (2 damage)
             ... on level 1 of the Dungeon.
             The game lasted 00:01:38 (265 turns).

Sabo the Charlatan (Demonspawn Artificer)            Turns: 265, Time: 00:01:38

Health: -1/21      AC:  3    Str: 12    XL:     2   Next: 27%
Magic:  2/2        EV: 10    Int: 11    God:
Gold:   14         SH:  0    Dex: 13    Spells: 1/1 levels left

rFire   . . .        f - +0 hand axe
rCold   + . .        (no shield)
rNeg    . . .        b - +0 leather armour
rPois   .            (no helmet)
rElec   .            (no cloak)
rCorr   .            (no gloves)
SInv    .            (no boots)
Will    .....        (no amulet)
Stlth   +            g - ring of protection from cold
HPRegen 0.23/turn    (no ring)
MPRegen 0.08/turn

%: no passive effects
@: no status effects
A: demonic magic 1
a: no special abilities


You were on level 1 of the Dungeon.
You visited 1 branch of the dungeon, and saw 1 of its levels.

You collected 14 gold pieces.

Inventory:

Hand Weapons
 f - a +0 hand axe (weapon)
Missiles
 h - 5 atropa-tipped darts
Armour
 b - a +0 leather armour (worn)
Jewellery
 g - a ring of protection from cold (left hand)
Wands
 c - a wand of flame (15) (quivered)
 d - a wand of charming (15)
 e - a wand of iceblast (5)
Scrolls
 a - a scroll of noise {unknown}
Potions
 i - a potion of curing {unknown}


   Skills:
 + Level 1.0 Fighting
 + Level 0.1 Axes
 + Level 1.9 Armour
 + Level 0.9 Dodging
 + Level 0.8 Stealth
 + Level 3.6 Evocations


You had one spell level left.
You didn't know any spells.
Your spell library was empty.

Dungeon Overview and Level Annotations

Branches:
Dungeon (1/15)

Altars:


Innate Abilities, Weirdness & Mutations

Spells you cast may paralyse adjacent enemies.


Message History

You barely miss the jackal. You closely miss the jackal. You hit the jackal.
The jackal barely misses you.
The jackal bites you but does no damage. x3
You hit the jackal but do no damage. You hit the jackal.
You barely miss the jackal. The jackal completely misses you.
The jackal bites you. x2; The jackal barely misses you.
The jackal bites you. x2
You closely miss the jackal. You barely miss the jackal.
You hit the jackal but do no damage. The jackal barely misses you. x2
The jackal bites you.
* * * LOW HITPOINT WARNING * * *
The jackal misses you. The jackal bites you.
* * * LOW HITPOINT WARNING * * *
The jackal bites you but does no damage.
You barely miss the jackal.
The jackal is heavily wounded.
You hit the jackal but do no damage. You hit the jackal.
The jackal bites you but does no damage. x2
The jackal completely misses you. The jackal misses you. The jackal bites you.
* * * LOW HITPOINT WARNING * * *
You hit the jackal.
The jackal is severely wounded.
You hit the jackal.
You kill the jackal!
You barely miss the jackal. The jackal barely misses you.
The jackal completely misses you. The jackal closely misses you.
You barely miss the jackal.
The jackal is severely wounded.
You hit the jackal. x2; The jackal closely misses you.
The jackal bites you.
* * * LOW HITPOINT WARNING * * *
The jackal barely misses you. x2
You barely miss the jackal.
The jackal is heavily wounded.
You hit the jackal.
You kill the jackal!
You closely miss the jackal.
The jackal bites you but does no damage.
The jackal bites you.
* * * LOW HITPOINT WARNING * * *
The jackal bites you.
You die...

..... #........
#....
.....##........
.......
.)........###.#
........
#.........###.#
#.......
.......†.......
#.......
.....##........
#....... .....
#........ .....
.... #hh......
.#... ....
#@†...... #...
.## #........
#..# .........
..######.# ...
.# .... .....
......


You could see 2 jackals.

Vanquished Creatures
  2 ball pythons (D:1)
  An endoplasm (D:1)
  A giant cockroach (D:1)
  A hobgoblin (D:1)
  2 jackals (D:1)
  A kobold (D:1)
  2 quokkas (D:1)
  A frilled lizard (D:1)
  A rat (D:1)
12 creatures vanquished.

Notes
Turn   | Place    | Note
-------+----------+-------------------------------------------
     0 | D:1      | Sabo the Demonspawn Artificer began the quest for the Orb.
     0 | D:1      | Reached XP level 1. HP: 15/15 MP: 1/1
   166 | D:1      | Gained mutation: Spells you cast may paralyse adjacent
                  | enemies. [demonic ancestry]
   166 | D:1      | Reached XP level 2. HP: 20/21 MP: 2/2
   264 | D:1      | HP: 1/21 [jackal (1)]
   265 | D:1      | Slain by a jackal

Illustrated notes

Levels and vault maps discovered:
D:1:      minmay_arrival_up_and_down, layout_basic

Action                     || total
---------------------------++-------
  Melee: Hand axe          ||    26
         Club              ||     5
 Armour: Leather armour    ||    46
  Dodge: Dodged            ||    32

Table legend: (Time is in decaauts)
 A = Elapsed time spent in this place.
 B = Non-inter-level travel time spent in this place.
 C = Inter-level travel time spent in this place.
 D = Time resting spent in this place.
 E = Time spent auto-exploring this place.
 F = Levels seen in this place.
 G = Mean time per level.
                   A        B        C        D        E       F      G
               +--------+--------+--------+--------+--------+-----+--------+
         Total |    273 |    273 |      0 |     33 |      0 |   1 |  273.0 |
       Dungeon |    273 |    273 |      0 |     33 |      0 |   1 |  273.0 |
               +--------+--------+--------+--------+--------+-----+--------+

Top non-repeatable levels by time:
     D:1: 273 daAuts
